 Dungeon Crawl Stone Soup version 0.31.0-11-ge490571c62 (webtiles) character file.

Game seed: 12457488625425826278

701 browni3141 the Chopper (level 7, -5/61 HPs)
             Began as a Minotaur Fighter on Jan 29, 2024.
             Succumbed to Duvessa's poison
             ... on level 5 of the Dungeon.
             The game lasted 00:01:35 (3104 turns).

browni3141 the Chopper (Minotaur Fighter)           Turns: 3104, Time: 00:01:36

Health: -5/61      AC: 12    Str: 22    XL:     7   Next: 38%
Magic:  6/6        EV:  6    Int:  5    God:
Gold:   198        SH:  5    Dex: 10    Spells: 6/6 levels left

rFire   . . .        a - +0 war axe
rCold   . . .        c - +0 buckler
rNeg    + . .        m - +0 plate armour
rPois   .            (helmet restricted)
rElec   .            (no cloak)
rCorr   .            (no gloves)
SInv    .            (no boots)
Will    .....        (no amulet) Stlth
                     w - ring of positive energy
HPRegen 0.30/turn    (no ring)
MPRegen 0.10/turn

%: no passive effects
@: mighty, lethally poisoned (-5 -> -32), invisible
A: horns 2, retaliatory headbutt
a: no special abilities


You were on level 5 of the Dungeon.
You visited 1 branch of the dungeon, and saw 5 of its levels.

You collected 198 gold pieces.

Inventory:

Hand Weapons
 a - a +0 war axe (weapon)
Missiles
 j - 2 silver javelins (quivered)
 n - 12 boomerangs
Armour
 b - a +0 scale mail
 c - a +0 buckler (worn)
 m - a +0 plate armour (worn)
Jewellery
 w - a ring of positive energy (left hand)
Wands
 y - a wand of acid (4)
Scrolls
 e - a scroll of vulnerability
 f - 3 scrolls of teleportation
 g - a scroll of butterflies
 i - 2 scrolls of poison
 l - 2 scrolls of amnesia
 o - a scroll of silence
 s - a scroll of fog {unknown}
 t - 2 scrolls of blinking {unknown}
Potions
 d - a potion of might
 k - a potion of magic {unknown}
 p - a potion of resistance {unknown}
 q - 3 potions of invisibility
 r - 2 potions of attraction {unknown}
 u - a potion of heal wounds {unknown}
 v - a potion of degeneration {unknown}
 x - a potion of curing {unknown}


   Skills:
 + Level 5.5 Fighting
 * Level 6.4 Axes
 + Level 5.5 Armour
 + Level 5.5 Shields
 + Level 1.4 Evocations


You had 6 spell levels left.
You didn't know any spells.
Your spell library contained the following spells:

 Spells                   Type           Power      Damage    Failure   Level
 Apportation              Tloc           0%         N/A       100%        1
 Necrotise                Necr           0%         1d4       100%        1
 Sting                    Conj/Alch      0%         1d3       100%        1
 Summon Small Mammal      Summ           0%         N/A       100%        1
 Conjure Ball Lightning   Conj/Air       0%         3x3d6     100%        6
 Discord                  Hex            0%         N/A       100%        8
 Disjunction              Tloc           0%         N/A       100%        8


Dungeon Overview and Level Annotations

Branches:
Dungeon (5/15)
 Temple: D:4-7

Altars:

Annotations:
D:5 Dowan


Innate Abilities, Weirdness & Mutations

You have a pair of horns on your head.
You reflexively headbutt those who attack you in melee.


Message History

The orc is heavily wounded.
You block the orc's attack.
You hit the orc but do no damage. You headbutt the orc.
You kill the orc!
There are monsters nearby!
You hit the orc.
The orc is heavily wounded.
The orc hits you with a +0 dagger. You block the orc's attack.
You slash the orc!
You kill the orc!
There are monsters nearby!
You hit the orc but do no damage. The orc barely misses you.
You furiously retaliate!
You headbutt the orc.
There are monsters nearby!
You hit the orc but do no damage. You headbutt the orc.
You kill the orc!
You slash the orc!
You kill the orc!
Key pressed, stopping explore.
Items here: ))))) [[[[ ††.
No target in view!
No target in view!
An iguana comes into view.
The iguana hisses angrily.
An iguana is nearby!
An iguana is nearby!
The iguana barely misses you.
An iguana is nearby!
An iguana is nearby!
You slash the iguana!
You headbutt the iguana, but do no damage.
The iguana is severely wounded.
The iguana bites you but does no damage.
You hit the iguana.
The iguana is almost dead.
The iguana bites you.
An iguana is nearby!
You hit the iguana.
You kill the iguana!
Dowan, Brother of Duvessa comes into view.
He is wielding a +2 vampiric dagger.
Dowan shouts!
Duvessa, Sister of Dowan comes into view.
She is wielding a +3 short sword of venom and wearing a +1 leather armour of fire resistance.
There are monsters nearby!
Duvessa shouts!
Dowan hits you but does no damage.
You closely miss Dowan. Your headbutt misses Dowan. You block Dowan's attack.
You closely miss Duvessa. You hit Duvessa but do no damage. You hit Dowan.
Duvessa hits you but does no damage.
You are poisoned.
You block Dowan's attack.
There are monsters nearby!
There are monsters nearby!
You barely miss Dowan. You headbutt Dowan.
Dowan is moderately wounded.
You hit Duvessa but do no damage.
You feel sick.
Duvessa hits you with a +3 short sword of venom.
Dowan hits you but does no damage.
You hit Dowan.
Dowan is moderately wounded.
You hit Duvessa.
You feel sick. You block Duvessa's attack. You block Dowan's attack.
Dowan hits you but does no damage.
Duvessa says, "My weaknesses are his strengths!"
Duvessa hits you with a +3 short sword of venom!
You closely miss Dowan.
Dowan is moderately wounded.
You hit Duvessa.
You feel sick.
Dowan hits you with a +2 vampiric dagger.
Duvessa hits you with a +3 short sword of venom.
You are more poisoned.
You feel very sick.
You feel sick.
You feel very mighty all of a sudden.
You feel sick. Duvessa hits you but does no damage.
You are more poisoned.
You slash Duvessa! Your headbutt misses Duvessa.
Duvessa is heavily wounded.
You feel very sick.
Duvessa hits you with a +3 short sword of venom.
You are more poisoned.
You slash Duvessa!
Duvessa is almost dead.
You feel extremely sick. Duvessa hits you but does no damage.
You are lethally poisoned!
You hit Duvessa.
Duvessa is almost dead.
You feel very sick.
Dowan mumbles some strange words.
Dowan blinks!
Duvessa hits you with a +3 short sword of venom.
You are more poisoned.
You slash Duvessa!
You kill Duvessa!
You hear a distant wail of despair.
You feel extremely sick.
You are too injured to fight recklessly!
It was a potion of invisibility.
You fade into invisibility!
You die...

#...## #..... . ..########
#.#.#......# #.#.#.####.#
#........#.# ###.#.#....#
# #.#.######.#
#.#...@)...#
###########.######e.......
............# #........
############# #.#######
###


You could see Dowan (unable to see you).

Vanquished Creatures
  Duvessa (D:5)
  A centaur (D:5)
  An ogre (D:5)
  A phantom (D:4)
  3 hounds (D:5)
  A bombardier beetle (D:4)
  An iguana (D:5)
  An orc wizard (D:5)
  Robin (D:3)
  7 adders
  3 dart slugs
  5 ribbon worms
  9 orcs (D:5)
  3 bats
  4 endoplasms
  A giant cockroach (D:2)
  8 goblins
  7 hobgoblins
  15 jackals
  8 kobolds
  4 quokkas
  6 ball pythons
  2 frilled lizards
  4 rats
97 creatures vanquished.

Notes
Turn   | Place    | Note
-------+----------+-------------------------------------------
     0 | D:1      | browni3141 the Minotaur Fighter began the quest for the
                  | Orb.
     0 | D:1      | Reached XP level 1. HP: 19/19 MP: 0/0
    19 | D:1      | Found a faded altar of an unknown god.
    68 | D:1      | Reached XP level 2. HP: 27/27 MP: 1/1
   571 | D:2      | Reached skill level 3 in Axes
   602 | D:2      | Reached XP level 3. HP: 17/33 MP: 2/2
  1119 | D:2      | Reached XP level 4. HP: 40/40 MP: 3/3
  1207 | D:2      | Reached skill level 4 in Axes
  1519 | D:3      | Noticed Robin
  1527 | D:3      | Killed Robin
  1986 | D:4      | Reached XP level 5. HP: 40/47 MP: 4/4
  2290 | D:4      | Noticed a phantom
  2302 | D:4      | Killed a phantom
  2303 | D:4      | Reached skill level 5 in Axes
  2464 | D:5      | Entered Level 5 of the Dungeon
  2464 | D:5      | Found Kuzaaq's Distillery.
  2572 | D:5      | Noticed an ogre
  2580 | D:5      | Killed an ogre
  2581 | D:5      | Reached skill level 5 in Fighting
  2581 | D:5      | Reached skill level 5 in Armour
  2581 | D:5      | Reached skill level 5 in Shields
  2581 | D:5      | Reached XP level 6. HP: 48/56 MP: 5/5
  2722 | D:5      | Reached skill level 6 in Axes
  2867 | D:5      | Reached skill level 1 in Evocations
  2867 | D:5      | Reached XP level 7. HP: 60/61 MP: 6/6
  3087 | D:5      | Noticed Dowan
  3088 | D:5      | Noticed Duvessa
  3103 | D:5      | Killed Duvessa
  3103 | D:5      | HP: 2/61 [poisoned by Duvessa]
  3104 | D:5      | Succumbed to Duvessa's poison

Illustrated notes

Levels and vault maps discovered:
D:1:      minmay_arrival_four_circles, layout_basic,
          hellmonk_ecumenical_altar_crossroads
D:2:      wander_river, layout_basic
D:3:      layout_basic, minmay_misc_feat_encased, uniq_robin
D:4:      layout_gridville
D:5:      layout_basic, minmay_temple_entry_statues_pillars,
          nicolae_stop_n_shop_1, kennysheep_cross_bottleneck, uniq_duvessa

Skill      XL: |  1  2  3  4  5  6 |
---------------+-------------------+-----
Axes           | 3 4 5 6 |  6.4
Armour         | 4 5 |  5.5
Fighting       | 4 5 |  5.5
Shields        | 4 5 |  5.5
Evocations     | 1 |  1.4

Action                     |  1- 3 |  4- 6 |  7- 9 || total
---------------------------+-------+-------+-------++-------
  Melee: War axe           |    63 |   113 |    43 ||   219
         Headbutt          |     7 |    12 |     7 ||    26
    Use: Scroll            |       |     6 |       ||     6
         Potion            |       |       |     2 ||     2
 Armour: Scale mail        |    60 |    18 |       ||    78
         Plate armour      |       |    83 |    37 ||   120
  Dodge: Dodged            |    42 |    46 |     4 ||    92
  Block: Buckler           |    18 |    34 |    10 ||    62
